AoeStats
← miguelon01

Nomad

508769688Analyzed
4v4 RM · 8d ago on Sep 24, 2026· 58m 24s· 8 players
Game mode
Random Map
Map size
231×231
Population
200
Speed
Normal
Resources
Standard
Victory
Conquest
Starting age
Dark Age
Ending age
Imperial Age
RankedLock teamsTeams togetherTeam positionsShared explorationLock speedFull tech treeHidden civsTurbo modeCheats
Victory
Defeat
🇨🇦 Danes · Canada
1214
+14
🇫🇷 Italians · France
1171
+15
🇺🇸 Varangians · United States
1133
+17
🇹🇷 Koreans · Türkiye
1128
+18
🇧🇷 Burmese · Brazil
1175
-17
🇺🇸 Persians · United States
1174
-17
🇮🇹 Vikings · Italy
1159
-16
🇨🇱 Khmer · Chile
1116
-14
EMPANADADEPICOQUESO
5:58 Loom
14:32 Feudal Age
18:22 Castle Age
17:37 Double-Bit Axe
19:21 Horse Collar
19:53 Bow Saw
20:21 Wheelbarrow
30:15 Bloodlines
30:23 Forging
30:19 Scale Barding Armor
31:35 Husbandry
35:59 Imperial Age
34:32 Light Cavalry
35:56 Iron Casting
35:41 Chain Barding Armor
36:07 Heavy Scorpion
39:52 Double Crossbow
41:58 Chemistry
41:19 Ballistics
49:15 Hussar
51:48 Blast Furnace
51:24 Plate Barding Armor
Tikka Masala
7:03 Loom
14:17 Feudal Age
16:43 Double-Bit Axe
17:10 Fletching
20:34 Town Watch
25:16 Castle Age
27:01 Bow Saw
27:11 Town Watch
30:01 Town Patrol
29:38 Crossbowman
32:23 Horse Collar
40:18 Imperial Age
39:44 Ballistics
39:49 Bodkin Arrow
40:20 Arbalester
42:09 Chemistry
46:56 Conscription
47:51 Bogsveigar
Speedy_oWn
4:03 Loom
14:00 Feudal Age
19:53 Castle Age
18:42 Double-Bit Axe
18:38 Horse Collar
20:22 Heavy Plow
21:14 Wheelbarrow
21:02 Bow Saw
25:13 Scale Barding Armor
25:57 Forging
27:25 Chain Barding Armor
27:58 Husbandry
28:11 Bloodlines
28:22 Light Cavalry
33:31 Hand Cart
38:43 Imperial Age
36:37 Gold Mining
38:34 Cavalier
38:59 Capped Ram
41:50 Plate Barding Armor
41:28 Siege Ram
42:08 Hussar
45:11 Savar
47:56 Crop Rotation
48:29 Two-Man Saw
52:08 Gold Shaft Mining
miguelon01
17:25 Feudal Age
22:45 Castle Age
20:58 Bloodlines
20:54 Scale Barding Armor
21:00 Forging
22:07 Horse Collar
22:33 Gold Mining
26:29 Loom
27:19 Wheelbarrow
30:57 Fletching
31:59 Stone Mining
37:15 Imperial Age
37:23 Imperial Age
35:41 Husbandry
36:03 Heavy Plow
39:25 Elite Battle Elephant
40:18 Bodkin Arrow
42:20 Ballistics
GoldiLocks
9:52 Loom
12:08 Feudal Age
13:36 Double-Bit Axe
19:35 Castle Age
18:34 Gold Mining
21:15 Scale Barding Armor
22:55 Forging
23:12 Fishing Lines
24:43 Bow Saw
26:06 Horse Collar
34:54 Heavy Plow
36:06 Bloodlines
37:38 Wheelbarrow
37:16 Husbandry
41:52 Pikeman
43:01 Fletching
43:55 Hand Cart
45:01 Bodkin Arrow
46:04 Gillnets
50:10 Imperial Age
49:04 Squires
49:30 Chain Barding Armor
51:15 Iron Casting
50:31 Elite Jarl
51:50 Plate Barding Armor
50:53 Onager
52:15 Siege Engineers
54:28 Halberdier
57:10 Two-Man Saw
59:33 Blast Furnace
Gruffalo
5:35 Loom
13:29 Feudal Age
14:11 Double-Bit Axe
14:22 Man-at-Arms
15:43 Town Watch
18:01 Horse Collar
18:44 Fletching
19:52 Arson
21:35 Wheelbarrow
21:33 Padded Archer Armor
25:14 Castle Age
24:22 Forging
24:05 Gold Mining
24:42 Scale Mail Armor
25:20 Crossbowman
25:29 Pikeman
26:25 Bodkin Arrow
28:03 Long Swordsman
28:44 Squires
29:36 Iron Casting
36:37 Imperial Age
35:00 Gold Shaft Mining
38:17 Halberdier
40:00 Blast Furnace
39:28 Conscription
39:23 Bow Saw
42:39 Chain Mail Armor
42:24 Bracer
44:14 Chemistry
43:51 Hamask
46:04 Plate Mail Armor
47:34 Gambesons
47:31 Onager
49:31 Siege Onager
51:25 Hoardings
55:20 Hand Cart
54:51 Capped Ram
55:19 Elite Jomsviking
56:05 Siege Ram
57:14 Elite Skirmisher
12345
4:56 Loom
15:14 Feudal Age
15:40 Double-Bit Axe
25:13 Castle Age
23:42 Stone Mining
23:47 Gold Mining
24:31 Horse Collar
25:27 Fletching
26:17 Bow Saw
26:09 Heavy Plow
26:27 Crossbowman
29:09 Wheelbarrow
28:19 Town Watch
36:41 Ballistics
41:13 Imperial Age
38:58 Hand Cart
38:28 Town Watch
38:27 Treadmill Crane
38:49 Eupseong
38:45 Bodkin Arrow
38:14 Elite Skirmisher
39:51 Stone Shaft Mining
39:53 Gold Shaft Mining
40:37 Town Patrol
40:52 Forging
40:42 Scale Mail Armor
40:47 Scale Barding Armor
40:50 Thumb Ring
40:42 Murder Holes
40:57 Fortified Wall
40:57 Masonry
41:41 Arrowslits
43:00 Two-Man Saw
42:12 Scale Barding Armor
43:19 Chemistry
42:51 Architecture
43:35 Bracer
44:11 Iron Casting
44:48 Chain Barding Armor
44:43 Chain Mail Armor
44:35 Heavy Cavalry Archer
48:17 Siege Engineers
48:22 Fortified Wall
48:44 Plate Mail Armor
48:37 Conscription
51:24 Light Cavalry
52:04 Husbandry
51:45 Cavalier
52:34 Hussar
olDirty
3:09 Loom
14:03 Feudal Age
15:38 Gold Mining
17:41 Wheelbarrow
17:26 Fletching
19:24 Double-Bit Axe
22:44 Castle Age
20:35 Double-Bit Axe
21:31 Padded Archer Armor
21:35 Fishing Lines
23:46 Medium Warships
24:09 Bodkin Arrow
25:15 Town Watch
25:28 Gillnets
27:22 Ballistics
31:38 Hand Cart
32:35 Bow Saw
33:35 Leather Archer Armor
38:19 Imperial Age
37:09 Thumb Ring
37:01 Horse Collar
38:13 Husbandry
38:23 Bloodlines
37:34 Light Cavalry
39:23 Bracer
39:54 Ring Archer Armor
39:48 Conscription
40:43 Chemistry
40:48 Elite Genoese Crossbowman
47:44 Town Patrol
48:30 Hussar
49:23 Scale Barding Armor
49:20 Scale Mail Armor
49:31 Forging
54:23 Chain Barding Armor
54:38 Iron Casting
55:52 Plate Barding Armor
58:56 Blast Furnace
Connection lost

Rejoining the realm…

Still unreachable

The connection could not be restored.

Session expired

The server has moved on; the page needs a fresh start.